epic 4on4

Match 15285572
End
Kettenkrad Recon Vehicle
Construct Infanterie Kompanie
MG 42 Machine Gun Team
MG 42 Machine Gun Team
Grenadier Squad
Selects Luftwaffe Battlegroup
Construct Panzergrenadier Kompanie
Panzergrenadier Squad
Panzergrenadier Squad
Panzergrenadier Officer Quarters
Selects Stuka Strafing Run
Selects Fallschirmjäger Squad Paradrop
Fallschirmjäger Squad Paradrop
Stuka Strafing Run
Fallschirmjäger Squad Paradrop
Selects Stuka Loiter
Stuka Loiter
Selects Fallschirmpioneer Squad Paradrop
Selects LG40 Recoilless Launcher Paradrop
Pak 40 Anti-tank Gun Team
Stuka Strafing Run
Panzergrenadier Squad
Pak 40 Anti-tank Gun Team
Stuka Loiter
Selects Infantry Reserves
Stuka Strafing Run
Panzergrenadier Squad
Fallschirmjäger Squad Paradrop
Construct Panzer Kompanie
Stuka Loiter
Fallschirmjäger Squad Paradrop
Stuka Strafing Run
Panzer IV Medium Tank
Stuka Loiter
Panzer IV Medium Tank
Panzer IV Medium Tank
Panzer IV Medium Tank
Stuka Loiter
Pioneer Squad
Fallschirmjäger Squad Paradrop
Stuka Strafing Run
insane
UH|XTC
UH|dun! ツ
UH|ck
BloodSpark
wasted
Hunson Abadeer
Cons01
0
0

Comments sign in to comment!

No comments posted yet!